Map: Royal Blood LE

Players

Veder - Winner!

  • Race: Zerg Zerg
  • League: Platinum
  • Spawn Location: 7:00

Sipuha

  • Race: Zerg Zerg
  • League: Platinum
  • Spawn Location: 1:00

VOD

Have the link to the VOD?

Description

Time

  • Played on: Feb. 6, 2023, 8:09 a.m.
  • Length: 10:22
Show
View Real Time Build Order
Export as new Build Order

Veder Zerg - Winner!

Build Orders: Hatch First 

Get SALT Encoding   

  12  0:00  Drone  
  13  0:12  Overlord  
  13  0:16  Drone  
  14  0:32  Drone  
  14  0:33  Drone  
  16  0:49  Hatchery  
  15  0:53  Drone  
  16  1:01  Drone  
  16  1:02  Drone  
  18  1:07  Extractor  
  17  1:16  Spawning Pool  
  17  1:18  Drone  
  17  1:22  Drone  
  18  1:28  Drone  
  19  1:39  Drone  
  20  1:51  Drone  
  21  2:02  Overlord  
  21  2:03  Queen  
  21  2:04  Queen  
  21  2:05  Drone  
  26  2:14  Metabolic Boost  
  26  2:21  Drone x2  
  28  2:29  Drone x2  
  30  2:39  Drone x2  
  32  2:51  Drone x2  
  34  3:08  Hatchery  
  33  3:12  Overlord  
  33  3:13  Overlord  
  33  3:17  Drone x3  
  36  3:25  Overlord  
  36  3:35  Drone x6  
  36  3:40  Roach Warren  
  41  4:06  Zergling x4  
  41  4:07  Extractor, Zergling x8  
  46  4:22  Lair  
  46  4:25  Zergling x6  
  46  4:26  Zergling x4  
  51  4:38  Zergling x4  
  51  4:39  Zergling x4  
  51  4:40  Zergling x4  
  51  4:41  Overlord x2, Zergling x4  
  51  4:44  Queen  
  56  5:12  Zergling x4  
  56  5:13  Zergling x14  
  56  5:14  Zergling x2  
  62  5:27  Zergling x4  
  62  5:30  Drone  
  62  5:31  Drone x5  
  62  5:44  Roach  
  62  5:45  Roach x3  
  68  5:57  Drone  
  68  5:58  Drone x4  
  73  6:17  Extractor x2  
  73  6:18  Drone x4  
  75  6:20  Glial Reconstitution  
  67  6:51  Roach x3  
  73  6:57  Overlord x3  
  73  7:04  Evolution Chamber  
  72  7:09  Evolution Chamber  
  72  7:12  Pneumatized Carapace  
  72  7:14  Drone x2  
  73  7:18  Drone x5  
  73  7:19  Drone  
  73  7:20  Roach x2  
  83  7:42  Roach x3  
  86  7:59  Roach  
  86  8:00  Overlord, Roach x4  
  86  8:01  Overlord x3  
  86  8:02  Zerg Missile Weapons Level 1  
  86  8:03  Zerg Ground Armor Level 1  
  96  8:08  Hatchery  
  96  8:11  Hydralisk Den  
  94  8:13  Drone x3  
  97  8:30  Roach x7  
  97  8:31  Roach x6  
  123  8:41  Roach  
  123  8:42  Overlord, Roach x3  
  127  8:52  Ravager x2  
  129  8:56  Overlord x3, Hatchery  
  128  9:07  Ravager x5  
  133  9:14  Roach x2  
  137  9:18  Drone  
  137  9:19  Drone x5  
  137  9:22  Extractor  
  137  9:23  Extractor  
  135  9:45  Hatchery  
  135  9:52  Drone  
  135  9:53  Drone x16  
Show
View Real Time Build Order
Export as new Build Order

Sipuha Zerg 

Build Orders: Hatch First 

Get SALT Encoding   

  12  0:01  Drone  
  13  0:15  Overlord  
  14  0:21  Drone  
  14  0:24  Extractor  
  14  0:25  Drone  
  15  0:33  Drone  
  16  0:52  Hatchery  
  15  0:58  Drone x2  
  15  0:59  Drone  
  15  1:03  Extractor  
  17  1:16  Spawning Pool  
  16  1:20  Drone  
  16  1:22  Drone  
  18  1:30  Drone  
  19  1:41  Overlord  
  19  1:56  Drone  
  20  2:05  Queen x2  
  20  2:06  Drone  
  25  2:10  Zergling x2  
  26  2:16  Overlord  
  26  2:25  Drone  
  26  2:27  Metabolic Boost  
  26  2:29  Drone  
  29  2:30  Drone  
  29  2:37  Drone x2  
  31  2:47  Baneling Nest  
  31  2:48  Drone  
  31  2:54  Queen  
  31  2:55  Queen  
  35  3:13  Hatchery  
  35  3:16  Drone x2  
  36  3:24  Evolution Chamber  
  35  3:27  Evolution Chamber  
  35  3:31  Drone x2  
  36  3:37  Zergling x4  
  36  3:41  Pneumatized Carapace  
  38  3:45  Overlord  
  38  3:52  Drone x2  
  38  3:53  Baneling x2  
  38  3:54  Zergling x2  
  41  4:03  Extractor, Drone x2  
  41  4:05  Drone  
  41  4:06  Zergling x2  
  41  4:07  Drone  
  45  4:15  Drone  
  45  4:16  Zerg Melee Weapons Level 1  
  46  4:18  Drone  
  46  4:20  Drone  
  46  4:21  Drone x2  
  50  4:25  Overlord  
  50  4:26  Overlord  
  50  4:38  Lair  
  50  4:43  Roach Warren  
  49  4:46  Drone  
  49  4:47  Drone  
  49  4:49  Zergling x4  
  52  5:12  Zergling x2  
  52  5:13  Zergling x4  
  53  5:23  Zergling x4  
  53  5:24  Zergling x4  
  55  5:31  Zergling x6  
  55  5:34  Roach x2  
  52  5:51  Drone  
  52  6:01  Drone  
  52  6:05  Baneling x3  
  52  6:13  Drone  
  52  6:14  Zergling x2  
  52  6:15  Queen, Zergling x2  
  52  6:16  Queen  
  59  6:20  Zerg Missile Weapons Level 1  
  59  6:22  Roach x2  
  63  6:43  Extractor  
  63  6:45  Extractor  
  58  6:51  Roach x2  
  58  6:52  Burrow, Queen  
  62  6:56  Drone x3  
  62  6:58  Drone  
  66  7:04  Baneling x2, Roach  
  66  7:08  Hatchery  
  67  7:10  Drone  
  68  7:15  Overlord  
  68  7:16  Overlord  
  68  7:17  Overseer  
  68  7:21  Glial Reconstitution  
  68  7:37  Drone x2  
  70  7:46  Spire  
  67  7:52  Roach x5  
  74  8:10  Queen x2  
  74  8:11  Overlord  
  78  8:13  Overlord  
  78  8:14  Roach x2  
  81  8:26  Zerg Ground Armor Level 1  
  81  8:40  Drone  
  82  8:41  Centrifugal Hooks  
  82  8:45  Roach x3  
  88  8:51  Drone x2  
  88  8:52  Queen x2  
  88  8:53  Drone x4  
  88  8:54  Drone x3  
  101  8:58  Mutalisk  
  103  9:08  Queen  
  105  9:12  Overlord x2  
  105  9:13  Overlord x3  
  105  9:17  Hatchery  
  104  9:19  Hydralisk Den, Hatchery  
  98  9:31  Roach  
  98  9:32  Roach x2  
  95  9:40  Mutalisk x2  
  95  9:42  Roach x4  
  97  9:49  Mutalisk  
  95  9:57  Roach  
Tags
 
Add a new tag
Caveats
  • Supply blocks, unpowered buildings, or Contaminate may cause inaccurate times.
  • Supply counts are checked every 10 seconds.